PIO (24 & UNDER)
SURREY SINNERS @ SALEM SLEDGEHAMMERS
09/13/2030
 
TOP OF THE 1ST
Surrey Sinners batting - Pitching for Salem Sledgehammers : RHP Ross Jackson
Pitching: RHP Ross Jackson
Batting: RHB Jeff Buck 0-0: SINGLE (Line Drive, 6MD)
Batting: RHB Christian Porter 0-0: Ball
Jeff Buck steals 2nd base
1-0: SINGLE (Groundball, 4MD)
Jeff Buck to third
Batting: LHB Pedro Fernández 0-0: Ball
1-0: Foul Ball, location: 2F
1-1: SINGLE (Groundball, 34S) (infield hit)
Jeff Buck scores
Christian Porter to second
Batting: LHB Ugo Béland 0-0: Swinging Strike
0-1: Swinging Strike
0-2: Ball
1-2: Strikes out swinging
Batting: RHB Ron Gilbert 0-0: Called Strike
0-1: Ball
1-1: Ball
2-1: DOUBLE (Line Drive, 7LD)
Christian Porter scores
Pedro Fernández to third
Runner from 3rd tries for Home, SAFE, no throw
Batting: RHB Tim van der Kamp 0-0: Ball
1-0: Swinging Strike
1-1: SINGLE (Groundball, 56S) (infield hit)
Ron Gilbert to third
Batting: RHB Francisco Martínez 0-0: Called Strike
0-1: Ball
1-1: Hit by Pitch
Tim van der Kamp to second
Batting: SHB Pedro Torres 0-0: Called Strike
0-1: Foul Ball, location: 2F
0-2: Strikes out swinging
Batting: RHB Eric Turner 0-0: Called Strike
0-1: Ball
1-1: Ball
2-1: Foul Ball, location: 2F
2-2: Strikes out swinging
Top of the 1st over - 3 runs, 5 hits, 0 errors, 3 left on base; Surrey 3 - Salem 0
BOTTOM OF THE 1ST
Salem Sledgehammers batting - Pitching for Surrey Sinners : RHP Gabriel García
Pitching: RHP Gabriel García
Batting: RHB Ben Simpson 0-0: Ball
1-0: Called Strike
1-1: Ground out 5-3 (Groundball, 5)
Batting: SHB Honorato Díaz 0-0: Called Strike
0-1: Fly out, F6 (Popup, 6S)
Batting: LHB Marvin Jones 0-0: Called Strike
0-1: Foul Ball, location: 2F
0-2: Fly out, F8 (Flyball, 8LS)
Bottom of the 1st over - 0 runs, 0 hits, 0 errors, 0 left on base; Surrey 3 - Salem 0
TOP OF THE 2ND
Surrey Sinners batting - Pitching for Salem Sledgehammers : RHP Ross Jackson
Batting: RHB Jeff Buck 0-0: Ball
1-0: Ground out 6-3 (Groundball, 6)
Batting: RHB Christian Porter 0-0: Called Strike
0-1: Swinging Strike
0-2: Foul Ball, location: 2F
0-2: Ball
1-2: Ground out U3 (Groundball, 34)
Batting: LHB Pedro Fernández 0-0: Swinging Strike
0-1: Called Strike
0-2: Ball
1-2: Strikes out swinging
Top of the 2nd over - 0 runs, 0 hits, 0 errors, 0 left on base; Surrey 3 - Salem 0
BOTTOM OF THE 2ND
Salem Sledgehammers batting - Pitching for Surrey Sinners : RHP Gabriel García
Batting: LHB James Navarro 0-0: Swinging Strike
0-1: Foul Ball, location: 2F
0-2: Ball
1-2: Foul Ball, location: 2F
1-2: Strikes out swinging
Batting: LHB Adrian Neal 0-0: Called Strike
0-1: Ground out U3 (Groundball, 3)
Batting: LHB Roberto Flores 0-0: Called Strike
0-1: Ball
1-1: Foul Ball, location: 2F
1-2: Ball
2-2: Strikes out swinging
Bottom of the 2nd over - 0 runs, 0 hits, 0 errors, 0 left on base; Surrey 3 - Salem 0
TOP OF THE 3RD
Surrey Sinners batting - Pitching for Salem Sledgehammers : RHP Ross Jackson
Batting: LHB Ugo Béland 0-0: Ground out 4-3 (Groundball, 34D)
Batting: RHB Ron Gilbert 0-0: Ball
1-0: Fly out, F4 (Popup, 4M)
Batting: RHB Tim van der Kamp 0-0: Called Strike
0-1: Foul Ball, location: 2F
0-2: Strikes out looking
Top of the 3rd over - 0 runs, 0 hits, 0 errors, 0 left on base; Surrey 3 - Salem 0
BOTTOM OF THE 3RD
Salem Sledgehammers batting - Pitching for Surrey Sinners : RHP Gabriel García
Batting: RHB Roberto Landavazo 0-0: Called Strike
0-1: Ball
1-1: Ball
2-1: Ball
3-1: Swinging Strike
3-2: SINGLE (Line Drive, 56D)
Batting: RHB Ricardo Tirado 0-0: Foul Ball, location: 2F
0-1: Called Strike
0-2: Ball
1-2: Strikes out swinging
Batting: RHB José Sosa 0-0: Called Strike
0-1: SINGLE (Groundball, 3D)
Roberto Landavazo to second
Runner from 2nd tries for 3rd, OUT!
Batting: RHB Ben Simpson 0-0: Ground out 4-3 (Groundball, 34)
Bottom of the 3rd over - 0 runs, 2 hits, 0 errors, 1 left on base; Surrey 3 - Salem 0
TOP OF THE 4TH
Surrey Sinners batting - Pitching for Salem Sledgehammers : RHP Ross Jackson
Batting: RHB Francisco Martínez 0-0: Swinging Strike
0-1: Ground out 5-3 (Groundball, 56S)
Batting: SHB Pedro Torres 0-0: Foul Ball, location: 2F
0-1: Ball
1-1: Ball
2-1: Swinging Strike
2-2: Foul Ball, location: 2F
2-2: Foul Ball, location: 2F
2-2: Strikes out looking
Batting: RHB Eric Turner 0-0: Fly out, F4 (Popup, 4)
Top of the 4th over - 0 runs, 0 hits, 0 errors, 0 left on base; Surrey 3 - Salem 0
BOTTOM OF THE 4TH
Salem Sledgehammers batting - Pitching for Surrey Sinners : RHP Gabriel García
Batting: SHB Honorato Díaz 0-0: Swinging Strike
0-1: Swinging Strike
0-2: Ground out 1-3 (Groundball, 15S)
Batting: LHB Marvin Jones 0-0: Ball
1-0: Called Strike
1-1: Ball
2-1: Foul Ball, location: 2F
2-2: Ball
3-2: SINGLE (Line Drive, 89M)
Batting: LHB James Navarro 0-0: Called Strike
0-1: Ball
1-1: Ball
Wild Pitch!
Marvin Jones to second
2-1: Ground out U3 (Groundball, 34S)
Marvin Jones to third
Batting: LHB Adrian Neal 0-0: Ball
1-0: Ball
2-0: Foul Ball, location: 2F
2-1: Swinging Strike
2-2: Strikes out swinging
Bottom of the 4th over - 0 runs, 1 hit, 0 errors, 1 left on base; Surrey 3 - Salem 0
TOP OF THE 5TH
Surrey Sinners batting - Pitching for Salem Sledgehammers : RHP Ross Jackson
Batting: RHB Jeff Buck 0-0: Ball
1-0: Ball
2-0: SOLO HOME RUN (Flyball, 7LD), Distance : 391 ft
Batting: RHB Christian Porter 0-0: Ball
1-0: Called Strike
1-1: Ball
2-1: Fly out, F8 (Flyball, 8RD)
Batting: LHB Pedro Fernández 0-0: Ball
1-0: Ball
2-0: Ball
3-0: Called Strike
3-1: Called Strike
3-2: Base on Balls
Batting: LHB Ugo Béland 0-0: Ball
Balk!
Pedro Fernández to second
1-0: Intentional Walk
Batting: RHB Ron Gilbert 0-0: Fly out, F8 (Flyball, 8RM)
Batting: RHB Tim van der Kamp 0-0: Ball
1-0: Fly out, F8 (Flyball, 78M)
Top of the 5th over - 1 run, 1 hit, 0 errors, 2 left on base; Surrey 4 - Salem 0
BOTTOM OF THE 5TH
Salem Sledgehammers batting - Pitching for Surrey Sinners : RHP Gabriel García
Batting: LHB Roberto Flores 0-0: Called Strike
0-1: Swinging Strike
0-2: Strikes out swinging
Batting: RHB Roberto Landavazo 0-0: Ball
1-0: Ball
2-0: Foul Ball, location: 2F
2-1: Ground out 4-3 (Groundball, 4)
Batting: RHB Ricardo Tirado 0-0: Ball
1-0: Called Strike
1-1: Ball
2-1: Called Strike
2-2: Ground out 6-3 (Groundball, 6)
Bottom of the 5th over - 0 runs, 0 hits, 0 errors, 0 left on base; Surrey 4 - Salem 0
TOP OF THE 6TH
Surrey Sinners batting - Pitching for Salem Sledgehammers : RHP Ross Jackson
Batting: RHB Francisco Martínez 0-0: Ball
1-0: Swinging Strike
1-1: Foul Ball, location: 2F
1-2: Foul Ball, location: 2F
1-2: Ball
2-2: Strikes out swinging
Batting: SHB Pedro Torres 0-0: Ball
1-0: DOUBLE (Groundball, 3L)
Batting: RHB Eric Turner 0-0: Called Strike
0-1: Reached on error, E3 (Groundball, 34)
Pedro Torres to third
Batting: RHB Jeff Buck 0-0: Ball
1-0: Ball
2-0: Fly out, F7 (Flyball, 78S)
Batting: RHB Christian Porter 0-0: Called Strike
0-1: Ball
1-1: Foul Ball, location: 2F
1-2: Ground out 4-3 (Groundball, 4)
Top of the 6th over - 0 runs, 1 hit, 1 error, 2 left on base; Surrey 4 - Salem 0
BOTTOM OF THE 6TH
Salem Sledgehammers batting - Pitching for Surrey Sinners : RHP Gabriel García
Batting: RHB José Sosa 0-0: Swinging Strike
0-1: Foul Ball, location: 2F
0-2: Ball
1-2: Foul Ball, location: 2F
1-2: Ball
2-2: Foul Ball, location: 2F
2-2: Strikes out looking
Batting: RHB Ben Simpson 0-0: Called Strike
0-1: Swinging Strike
0-2: Strikes out swinging
Batting: SHB Honorato Díaz 0-0: Ball
1-0: Ground out 4-3 (Groundball, 34)
Bottom of the 6th over - 0 runs, 0 hits, 0 errors, 0 left on base; Surrey 4 - Salem 0
TOP OF THE 7TH
Surrey Sinners batting - Pitching for Salem Sledgehammers : RHP Ross Jackson
Pitching: RHP Lloyd Jones
Batting: LHB Pedro Fernández 0-0: Ball
1-0: Ball
2-0: Swinging Strike
2-1: Called Strike
2-2: Foul Ball, location: 2F
2-2: SINGLE (Line Drive, 7LS)
Batting: LHB Ugo Béland 0-0: Ball
1-0: Ball
2-0: Ball
Pedro Fernández is caught stealing 2nd base
3-0: Base on Balls
Batting: RHB Ron Gilbert 0-0: Foul Ball, location: 2F
0-1: Called Strike
0-2: Foul Ball, location: 2F
0-2: Strikes out swinging
Batting: RHB Tim van der Kamp 0-0: Called Strike
0-1: Ball
1-1: Swinging Strike
1-2: Ball
2-2: Ball
3-2: Base on Balls
Ugo Béland to second
Batting: RHB Francisco Martínez 0-0: Swinging Strike
0-1: Fly out, F8 (Flyball, 8RD)
Top of the 7th over - 0 runs, 1 hit, 0 errors, 2 left on base; Surrey 4 - Salem 0
BOTTOM OF THE 7TH
Salem Sledgehammers batting - Pitching for Surrey Sinners : RHP Gabriel García
Batting: LHB Marvin Jones 0-0: Called Strike
0-1: Ball
1-1: Foul Ball, location: 2F
1-2: Strikes out looking
Batting: LHB James Navarro 0-0: Ball
1-0: Called Strike
1-1: Ball
2-1: Ball
3-1: Base on Balls
Batting: LHB Adrian Neal 0-0: Ball
1-0: Fielders Choice at 2nd, 5-4 (Groundball, 56)
Batting: LHB Roberto Flores 0-0: Fly out, F7 (Flyball, 7)
Bottom of the 7th over - 0 runs, 0 hits, 0 errors, 1 left on base; Surrey 4 - Salem 0
TOP OF THE 8TH
Surrey Sinners batting - Pitching for Salem Sledgehammers : RHP Lloyd Jones
Batting: SHB Pedro Torres 0-0: Ball
1-0: Called Strike
1-1: Ball
2-1: Ball
3-1: Called Strike
3-2: Fly out, F8 (Flyball, 8RS)
Batting: RHB Eric Turner 0-0: Swinging Strike
0-1: Ball
1-1: Foul Ball, location: 2F
1-2: Foul Ball, location: 2F
1-2: Ground out U3 (Groundball, 34)
Batting: RHB Jeff Buck 0-0: Called Strike
0-1: Ball
1-1: Swinging Strike
1-2: Strikes out swinging
Top of the 8th over - 0 runs, 0 hits, 0 errors, 0 left on base; Surrey 4 - Salem 0
BOTTOM OF THE 8TH
Salem Sledgehammers batting - Pitching for Surrey Sinners : RHP Gabriel García
Batting: RHB Roberto Landavazo 0-0: Ball
1-0: Ball
2-0: Ball
3-0: Base on Balls
Batting: RHB Ricardo Tirado 0-0: Called Strike
0-1: Ball
1-1: Foul Ball, location: 2F
1-2: Fly out, F6 (Popup, 6S)
Batting: RHB José Sosa 0-0: Ball
1-0: Called Strike
1-1: Ground out 4-3 (Groundball, 34)
Roberto Landavazo to second
Batting: RHB Ben Simpson 0-0: Ball
1-0: Foul Ball, location: 2F
1-1: Foul Ball, location: 2F
1-2: Strikes out swinging
Bottom of the 8th over - 0 runs, 0 hits, 0 errors, 1 left on base; Surrey 4 - Salem 0
TOP OF THE 9TH
Surrey Sinners batting - Pitching for Salem Sledgehammers : RHP Lloyd Jones
Pitching: RHP Clay White
Batting: RHB Christian Porter 0-0: Ball
1-0: Ball
2-0: Called Strike
2-1: Swinging Strike
2-2: Ball
3-2: Foul Ball, location: 2F
3-2: Foul Ball, location: 2F
3-2: Base on Balls
Batting: LHB Pedro Fernández 0-0: Fly out, F7 (Flyball, 78D)
Batting: LHB Ugo Béland 0-0: Ball
Christian Porter steals 2nd base
1-0: Intentional Walk
Batting: RHB Ron Gilbert 0-0: Ball
1-0: Ground out 5-3 (Groundball, 56S)
Christian Porter to third
Ugo Béland to second
Batting: RHB Tim van der Kamp 0-0: Ball
1-0: Called Strike
1-1: Called Strike
1-2: Ball
2-2: Ball
3-2: Foul Ball, location: 2F
3-2: Base on Balls
Batting: RHB Francisco Martínez 0-0: Ball
1-0: Called Strike
1-1: Foul Ball, location: 2F
1-2: Ground out 4-3 (Groundball, 4)
Top of the 9th over - 0 runs, 0 hits, 0 errors, 3 left on base; Surrey 4 - Salem 0
BOTTOM OF THE 9TH
Salem Sledgehammers batting - Pitching for Surrey Sinners : RHP Gabriel García
Batting: SHB Honorato Díaz 0-0: Ball
1-0: Called Strike
1-1: Fly out, F8 (Flyball, 8LD)
Batting: LHB Marvin Jones 0-0: Ball
1-0: Ball
2-0: Ball
3-0: Base on Balls
Batting: LHB James Navarro 0-0: Foul Ball, location: 2F
0-1: Foul Ball, location: 2F
0-2: Grounds into double play, 4-6-3 (Groundball, 4M)
Bottom of the 9th over - 0 runs, 0 hits, 0 errors, 0 left on base; Surrey 4 - Salem 0
Saturday, April 7th, 2018 - OOTP Baseball 18.8 Build 76